[Event "1000 GM Labor Day Super Swiss 2024"]
[Site "San Jose"]
[Date "2024.08.31"]
[Round "1.10"]
[White "Sheng, Joshua"]
[Black "Montes Orozco, Miguel Angel"]
[Result "1-0"]
[Annotator "TA"]
[ECO "A20"]
[WhiteElo "2474"]
[BlackElo "2155"]
[PlyCount "119"]
[EventDate "2024.08.30"]
[EventCountry "USA"]
[SourceTitle "playchess.com"]
[Source "ChessBase"]
[SourceQuality "1"]
[TimeControl "5400+30"]

1. c4 e5 2. d3 Nf6 3. Nf3 Nc6 4. a3 a5 5. Nc3 d5 6. cxd5 Nxd5 7. Bd2 Nb6 8. g3 Be7 9. Bg2 Be6 10. O-O f5 11. Be3 O-O 12. Rc1 Nd5 13. Bd2 Nb6 14. Be3 Nd5 15. Nxd5 Bxd5 16. Qa4 Bf6 17. Rc5 Qd6 (17... Kh8 $11 {keeps the balance.}) 18. Rfc1 Ne7 19. Nd2 c6 20. Rxa5 b5 21. Qb4 Qxb4 (21... Qe6 $142) 22. axb4 $16 Rac8 23. Bc5 Rfd8 (23... Bxg2 $142 24. Kxg2 Rfd8) 24. Ra7 $18 Kf7 25. e4 fxe4 26. dxe4 Be6 27. Nf3 Rd7 28. Rxd7 $1 Bxd7 29. Ra1 Bg4 30. Ra7 Rd8 31. Nxe5+ (31. Rxe7+ $6 Bxe7 32. Nxe5+ Ke6 33. Nxg4 Bxc5 34. bxc5 Rd2) 31... Bxe5 32. Rxe7+ Kf6 33. h3 Be6 34. Rb7 Rd1+ 35. Kh2 Bxb2 36. f4 Rd2 37. Be7+ Kf7 38. Bd6+ $1 Kf6 39. Bf8 Bd7 40. e5+ $1 Kf5 41. Bxg7 h5 {[%emt 0:00:19] [#]} 42. Bf6 (42. Bh6 $1 $18 {and the rest is easy.}) 42... c5 {[%emt 0:01:01] [#]} 43. Rb6 $1 (43. bxc5 $2 Bc6 (43... Rxg2+ $2 44. Kxg2 Bc6+ 45. Kf2 $19) 44. Kg1 Rxg2+ (44... Bxg2 $2 45. Rd7 $19) 45. Kf1 Bxb7 $19) 43... c4 $2 (43... Be6 $16 44. g4+ (44. Rxb5 $2 Bd5 $19) 44... hxg4 45. hxg4+ (45. Rxb5 $2 Bd5 $19) 45... Kxg4 46. Rxe6 cxb4) 44. Bg7 (44. Bh8 $142 Be6 45. g4+ (45. Rxb5 $2 c3 $19) 45... hxg4 46. hxg4+ (46. Rxb5 $2 gxh3 47. Kxh3 c3 $19) 46... Kxg4 47. Rxe6) 44... Be6 $18 45. g4+ $1 (45. Rxb5 $2 c3 46. g4+ hxg4 $19) 45... hxg4 (45... Kg6 $16 46. gxh5+ (46. Rxe6+ Kxg7 47. gxh5 c3 $18) 46... Kxg7 47. Rxe6 c3) 46. hxg4+ $18 (46. Rxb5 $2 {is the wrong capture.} gxh3 (46... Kxf4 $2 47. Bh6+ Kf5 48. hxg4+ Kg6 49. Bxd2 $18) 47. Kxh3 c3 $19 (47... Kxf4+ $2 48. Kh2 $19)) 46... Kxg4 $2 (46... Kg6 {might work better.}) 47. Rxe6 $18 c3 (47... Kxf4 $142 48. Kh3 (48. Bh6+ Kf5 $18) 48... c3) 48. Rg6+ $18 Kf5 49. Rf6+ Kg4 50. e6 Re2 51. Rf7 Bc1 52. Be5 c2 53. e7 Rxe5 54. fxe5 Bf4+ 55. Rxf4+ $1 Kxf4 56. e8=Q (56. e8=B $2 {loses.} c1=Q (56... c1=B $2 57. e6 $18) (56... Kxe5 $2 57. Bxb5 c1=Q 58. Be8 $19) 57. Bxb5 Kxe5 $19) 56... c1=Q 57. Qc6 Qc4 58. Qxc4+ bxc4 59. e6 c3 60. Be4 1-0

[Event "1000 GM Labor Day Super Swiss 2024"]
[Site "San Jose"]
[Date "2024.08.31"]
[Round "1.11"]
[White "Alfaro, William"]
[Black "Macovei, Andrei"]
[Result "0-1"]
[Annotator "RC"]
[ECO "E64"]
[WhiteElo "2137"]
[BlackElo "2466"]
[PlyCount "56"]
[EventDate "2024.08.30"]
[EventCountry "USA"]
[SourceTitle "playchess.com"]
[Source "ChessBase"]
[SourceQuality "1"]
[TimeControl "5400+30"]

1. d4 Nf6 2. c4 g6 3. Nf3 Bg7 4. g3 O-O 5. Bg2 d6 6. Nc3 c5 7. d5 e6 8. O-O Re8 9. Ng5 exd5 10. Bxd5 Nxd5 11. Qxd5 Re7 12. Bf4 h6 13. Nge4 Be6 14. Qxd6 Rd7 15. Qxc5 Nc6 16. Qe3 g5 17. Nxg5 hxg5 18. Bxg5 Qb6 19. Rad1 Qxe3 20. Bxe3 Rad8 21. Nd5 Bxb2 22. Bg5 Rc8 23. Rd2 Bg7 24. Rfd1 Kh7 25. f4 Na5 26. f5 Bxf5 27. Nf6+ Bxf6 28. Rxd7 Bxd7 0-1

[Event "1000 GM Labor Day Super Swiss 2024"]
[Site "San Jose"]
[Date "2024.08.31"]
[Round "1.12"]
[White "Batchuluun, Tsegmed"]
[Black "Harish, Neeraj"]
[Result "1-0"]
[Annotator "RC"]
[ECO "D85"]
[WhiteElo "2458"]
[BlackElo "2118"]
[PlyCount "83"]
[EventDate "2024.08.30"]
[EventCountry "USA"]
[SourceTitle "playchess.com"]
[Source "ChessBase"]
[SourceQuality "1"]
[TimeControl "5400+30"]

1. d4 Nf6 2. c4 g6 3. Nc3 d5 4. cxd5 Nxd5 5. e4 Nxc3 6. bxc3 Bg7 7. Nf3 c5 8. Be3 Qa5 9. Qd2 O-O 10. Rc1 Bg4 11. d5 b5 12. Be2 Nd7 13. h3 Bxf3 14. Bxf3 c4 15. O-O Rac8 16. Bg4 f5 17. exf5 gxf5 18. Bf3 Ne5 19. Be2 Nd3 20. Bxd3 cxd3 21. Qxd3 Rxc3 22. Rxc3 Qxc3 23. Qxb5 f4 24. Bxa7 f3 25. g3 Qc8 26. Kh2 Qa8 27. Qd7 Rd8 28. Qe6+ Kh8 29. Qxe7 Qxd5 30. Re1 Ra8 31. Qe4 Qg8 32. Bd4 Rxa2 33. Bxg7+ Qxg7 34. Qe8+ Qg8 35. Qe5+ Qg7 36. Qb8+ Qg8 37. Re8 Rxf2+ 38. Kg1 Rg2+ 39. Kf1 Rxg3 40. Qe5+ Rg7 41. Rxg8+ Kxg8 42. Qe8# 1-0

[Event "1000 GM Labor Day Super Swiss 2024"]
[Site "San Jose"]
[Date "2024.08.31"]
[Round "1.13"]
[White "Gongora Montes, Benjamin"]
[Black "Hevia Alejano, Carlos Antonio"]
[Result "0-1"]
[Annotator "RC"]
[ECO "A46"]
[WhiteElo "2111"]
[BlackElo "2414"]
[PlyCount "62"]
[EventDate "2024.08.30"]
[EventCountry "USA"]
[SourceTitle "playchess.com"]
[Source "ChessBase"]
[SourceQuality "1"]
[TimeControl "5400+30"]

1. d4 e6 2. Nf3 c5 3. c3 Nf6 4. Bg5 cxd4 5. cxd4 h6 6. Bxf6 Qxf6 7. Nc3 Bb4 8. e4 O-O 9. Bd3 d6 10. O-O Bxc3 11. bxc3 e5 12. h3 Nc6 13. Bb5 Ne7 14. Re1 Ng6 15. Rb1 Be6 16. d5 Bc8 17. a4 Qd8 18. Nd2 f5 19. Bf1 Qc7 20. Qb3 Rf7 21. Qb4 f4 22. a5 Rf6 23. c4 Nh4 24. Rec1 Qe7 25. Rb3 Rg6 26. g3 Bd7 27. Qxb7 Rf8 28. Qxa7 fxg3 29. fxg3 Qg5 30. Rc2 Ba4 31. Qe3 Qxe3+ 0-1

[Event "1000 GM Labor Day Super Swiss 2024"]
[Site "San Jose"]
[Date "2024.08.31"]
[Round "1.14"]
[White "Chen, Ryo"]
[Black "Tang, Dylan"]
[Result "1/2-1/2"]
[Annotator "RC"]
[ECO "C77"]
[WhiteElo "2408"]
[BlackElo "2092"]
[PlyCount "126"]
[EventDate "2024.08.30"]
[EventCountry "USA"]
[SourceTitle "playchess.com"]
[Source "ChessBase"]
[SourceQuality "1"]
[TimeControl "5400+30"]

1. e4 e5 2. Nf3 Nc6 3. Bb5 a6 4. Ba4 Nf6 5. Nc3 b5 6. Bb3 Bc5 7. Nd5 O-O 8. d3 Nxd5 9. Bxd5 Rb8 10. O-O Qe8 11. c3 Bb6 12. d4 d6 13. h3 Ne7 14. Bb3 Ng6 15. Re1 Be6 16. Bc2 h6 17. a4 c5 18. axb5 axb5 19. Be3 Qe7 20. b4 Rfd8 21. bxc5 dxc5 22. d5 c4 23. Qc1 Bxe3 24. Qxe3 Bd7 25. Ra6 Rdc8 26. Ra7 Ra8 27. Rea1 Rxa7 28. Rxa7 Qd6 29. Kh2 Ne7 30. Rb7 Rb8 31. Rxb8+ Qxb8 32. Qc5 Nc8 33. g3 f6 34. Nd2 Kf7 35. Kg2 Qa7 36. Qxa7 Nxa7 37. f4 Ke7 38. Kf3 Nc8 39. h4 Kd6 40. Ke3 Nb6 41. Nf3 Bc8 42. Ne1 Bg4 43. Ng2 Na4 44. Kd2 Nc5 45. Ne3 Bd7 46. Kc1 Kc7 47. Kb2 Kb6 48. Ka3 Kc7 49. Nf1 Bg4 50. Ne3 Bd7 51. Nf1 Bg4 52. Kb4 Kb6 53. Ne3 Bd7 54. fxe5 fxe5 55. Ka3 Kc7 56. Kb2 Kd6 57. Kc1 Ke7 58. Kb1 Kd6 59. Kc1 Ke7 60. Nf1 Bh3 61. Nd2 Bg4 62. Kb2 Kd6 63. Ka3 Kc7 1/2-1/2

[Event "1000 GM Labor Day Super Swiss 2024"]
[Site "San Jose"]
[Date "2024.08.31"]
[Round "1.15"]
[White "Angeles Mercado, Anthony R"]
[Black "Deng, Henry"]
[Result "1-0"]
[Annotator "RC"]
[ECO "B45"]
[WhiteElo "2083"]
[BlackElo "2338"]
[PlyCount "57"]
[EventDate "2024.08.30"]
[EventCountry "USA"]
[SourceTitle "playchess.com"]
[Source "ChessBase"]
[SourceQuality "1"]
[TimeControl "5400+30"]

1. e4 c5 2. Nf3 e6 3. d4 cxd4 4. Nxd4 Nf6 5. Nc3 Nc6 6. Ndb5 Bc5 7. Bf4 O-O 8. Bc7 Qe7 9. Bd6 Bxd6 10. Qxd6 Qd8 11. O-O-O a6 12. Nd4 Ne7 13. g4 b5 14. Bd3 Bb7 15. Rhe1 Ne8 16. Qg3 Qb6 17. e5 Nd5 18. Qh4 g6 19. Nxd5 Bxd5 20. Nf5 exf5 21. gxf5 Rc8 22. Re3 Ng7 23. Qh6 Bg2 24. Rg1 Qc6 25. f6 Nh5 26. Rg3 Kh8 27. R1xg2 Rg8 28. Rh3 Qxg2 29. Qxh7+ 1-0

[Event "1000 GM Labor Day Super Swiss 2024"]
[Site "San Jose"]
[Date "2024.08.31"]
[Round "1.16"]
[White "Sathish, Pranav"]
[Black "Gonzalez Zharikov, Andrey"]
[Result "1-0"]
[Annotator "RC"]
[ECO "B13"]
[WhiteElo "2337"]
[BlackElo "2070"]
[PlyCount "67"]
[EventDate "2024.08.30"]
[EventCountry "USA"]
[SourceTitle "playchess.com"]
[Source "ChessBase"]
[SourceQuality "1"]
[TimeControl "5400+30"]

1. e4 c6 2. d4 d5 3. exd5 cxd5 4. c3 Nc6 5. Bd3 Nf6 6. h3 Qc7 7. Nf3 g6 8. O-O Bf5 9. Be2 Bg7 10. Re1 O-O 11. Be3 Rab8 12. Qc1 Rbc8 13. Nbd2 a6 14. Nf1 Ne4 15. Ng3 Nxg3 16. fxg3 h5 17. Qd2 b5 18. Kh2 Qb7 19. Nh4 Be4 20. Bh6 e6 21. Rf1 Qe7 22. Rf2 e5 23. Bxg7 Kxg7 24. dxe5 Nxe5 25. Re1 Nc4 26. Bxc4 Rxc4 27. Qxd5 Qa7 28. Qd2 Rd8 29. Qf4 Qe7 30. b3 g5 31. Nf5+ Bxf5 32. Qxf5 Qxe1 33. Qxf7+ Kh8 34. Rf6 1-0

[Event "1000 GM Labor Day Super Swiss 2024"]
[Site "San Jose"]
[Date "2024.08.31"]
[Round "1.17"]
[White "Karthi, Jashith"]
[Black "Sivakumar, Shaashwath"]
[Result "1-0"]
[Annotator "RC"]
[ECO "D15"]
[WhiteElo "2066"]
[BlackElo "2321"]
[PlyCount "71"]
[EventDate "2024.08.30"]
[EventCountry "USA"]
[SourceTitle "playchess.com"]
[Source "ChessBase"]
[SourceQuality "1"]
[TimeControl "5400+30"]

1. d4 d5 2. c4 c6 3. Nf3 Nf6 4. Nc3 dxc4 5. e4 b5 6. Be2 e6 7. a4 b4 8. e5 bxc3 9. exf6 cxb2 10. fxg7 bxa1=Q 11. gxh8=Q Qa5+ 12. Nd2 c3 13. O-O cxd2 14. Bxd2 Qxd1 15. Rxd1 Qf5 16. d5 Qg6 17. Qe5 Qf5 18. Qc7 e5 19. dxc6 Be7 20. Bb4 Nd7 21. cxd7+ Bxd7 22. Bxe7 Kxe7 23. Qc5+ Kf6 24. Qd5 Rd8 25. Qd6+ Qe6 26. Qc7 Ke7 27. Qxa7 Qb3 28. Qc5+ Ke8 29. Qxe5+ Qe6 30. Qxe6+ Bxe6 31. Rxd8+ Kxd8 32. a5 Kc7 33. f4 Bd5 34. Kf2 f6 35. g4 h6 36. Ke3 1-0

[Event "1000 GM Labor Day Super Swiss 2024"]
[Site "San Jose"]
[Date "2024.08.31"]
[Round "1.18"]
[White "Sivakumar, Shaaketh"]
[Black "Garduno Huerta, Joshua Emiliano"]
[Result "1-0"]
[Annotator "RC"]
[ECO "D02"]
[WhiteElo "2307"]
[BlackElo "2056"]
[PlyCount "45"]
[EventDate "2024.08.30"]
[EventCountry "USA"]
[SourceTitle "playchess.com"]
[Source "ChessBase"]
[SourceQuality "1"]
[TimeControl "5400+30"]

1. d4 d5 2. Nf3 Nf6 3. Bf4 e6 4. e3 Bd6 5. Ne5 O-O 6. Nd2 c5 7. c3 Qc7 8. Bd3 Nbd7 9. Ndf3 c4 10. Bc2 b5 11. h4 Ne4 12. Ng5 Bb7 13. f3 Nef6 14. Nxd7 Qxd7 15. Be5 h6 16. Bxf6 hxg5 17. hxg5 gxf6 18. gxf6 Qd8 19. Rh6 Be7 20. f4 Bxf6 21. Qg4+ Bg7 22. Rh8+ Kxh8 23. Qh5+ 1-0

[Event "1000 GM Labor Day Super Swiss 2024"]
[Site "San Jose"]
[Date "2024.08.31"]
[Round "1.19"]
[White "Widjaja, Luke"]
[Black "Garcia Guerrero, Isaac Antonio"]
[Result "0-1"]
[Annotator "RC"]
[ECO "B40"]
[WhiteElo "2056"]
[BlackElo "2291"]
[PlyCount "98"]
[EventDate "2024.08.30"]
[EventCountry "USA"]
[SourceTitle "playchess.com"]
[Source "ChessBase"]
[SourceQuality "1"]
[TimeControl "5400+30"]

1. e4 c5 2. Nf3 e6 3. g3 Nc6 4. Bg2 Nf6 5. Qe2 e5 6. O-O Be7 7. c3 O-O 8. d3 Re8 9. Bg5 d6 10. Nfd2 Bg4 11. Qe1 Qd7 12. Bxf6 Bxf6 13. Nc4 Be6 14. Ne3 Ne7 15. c4 Nc6 16. Nc3 Bd8 17. Qd1 Rb8 18. Qh5 Nd4 19. Ncd5 b5 20. b3 bxc4 21. dxc4 a5 22. f4 f6 23. fxe5 fxe5 24. Rf2 g6 25. Qd1 Kg7 26. h4 Rb7 27. Nc3 Bf6 28. Ncd5 Rf8 29. Qd2 Qd8 30. Raf1 Rbf7 31. Nxf6 Rxf6 32. Rxf6 Rxf6 33. Rxf6 Qxf6 34. Qf2 Qd8 35. Nc2 Qb6 36. Nxd4 cxd4 37. h5 gxh5 38. Kh2 Qd8 39. Qe1 Bg4 40. Bf1 Kg6 41. Bd3 Qf6 42. Be2 Bd7 43. Kg2 Qg5 44. Qxa5 h4 45. Qe1 Qe3 46. gxh4 Bh3+ 47. Kh2 Bg4 48. h5+ Kg5 49. a4 d3 0-1

[Event "1000 GM Labor Day Super Swiss 2024"]
[Site "San Jose"]
[Date "2024.08.31"]
[Round "1.20"]
[White "Yim, Sung Ho"]
[Black "Gui, Suyuan"]
[Result "1-0"]
[Annotator "RC"]
[ECO "A16"]
[WhiteElo "2291"]
[BlackElo "2033"]
[PlyCount "85"]
[EventDate "2024.08.30"]
[EventCountry "USA"]
[SourceTitle "playchess.com"]
[Source "ChessBase"]
[SourceQuality "1"]
[TimeControl "5400+30"]

1. Nf3 Nf6 2. c4 g6 3. Nc3 d5 4. cxd5 Nxd5 5. h4 Bg7 6. h5 c5 7. h6 Bf6 8. Ne4 Qb6 9. g3 Nc6 10. Nxf6+ Nxf6 11. Bg2 Bf5 12. b3 Rd8 13. d3 O-O 14. Nd2 Nd4 15. Nc4 Qc7 16. Bf4 Qc8 17. Ne3 Be6 18. Be5 Nd5 19. Rc1 Nxe3 20. fxe3 Nf5 21. Bf4 b6 22. g4 Nd6 23. g5 Qd7 24. Qd2 Nf5 25. Qb2 f6 26. Rf1 Nh4 27. Bh1 Bh3 28. Rg1 e5 29. Bh2 Nf5 30. gxf6 Nxh6 31. Bxe5 Ng4 32. Bf4 Nxf6 33. Bg5 Qd6 34. Qc3 Bf5 35. e4 Rde8 36. Bxf6 Rxf6 37. exf5 Qh2 38. Bd5+ Kg7 39. Rg2 Qd6 40. Be4 Kf8 41. fxg6 hxg6 42. Qxf6+ Qxf6 43. Rf2 1-0

[Event "1000 GM Labor Day Super Swiss 2024"]
[Site "San Jose"]
[Date "2024.08.31"]
[Round "1.21"]
[White "Champsi, Imran"]
[Black "Kiewra, Keaton"]
[Result "1/2-1/2"]
[Annotator "RC"]
[ECO "A16"]
[WhiteElo "2012"]
[BlackElo "2287"]
[PlyCount "118"]
[EventDate "2024.08.30"]
[EventCountry "USA"]
[SourceTitle "playchess.com"]
[Source "ChessBase"]
[SourceQuality "1"]
[TimeControl "5400+30"]

1. Nf3 Nf6 2. c4 g6 3. Nc3 Bg7 4. g3 d5 5. cxd5 Nxd5 6. Bg2 Nb6 7. d3 Nc6 8. h4 h6 9. Bd2 e5 10. Rc1 Nd4 11. O-O c6 12. Ne4 O-O 13. h5 Nxf3+ 14. Bxf3 f5 15. Qb3+ Kh8 16. Nc5 e4 17. Bg2 gxh5 18. Rfd1 e3 19. Bxe3 Nd5 20. Nxb7 Bxb7 21. Bxd5 f4 22. Bxf4 Rxf4 23. Qxb7 Rb8 24. Qxc6 Qg5 25. Bg2 Rxf2 26. Qd6 Qe3 27. Kh1 Be5 28. Qe6 Rg8 29. d4 Rxg2 30. Qxe5+ Qxe5 31. dxe5 Rxe2 32. Rc7 a5 33. Rd6 Rxg3 34. Rxh6+ Kg8 35. Rb6 Rf3 36. Rc8+ Kf7 37. Rc7+ Kg8 38. Rb8+ Rf8 39. Rxf8+ Kxf8 40. Rc5 a4 41. Ra5 Re4 42. Kg2 h4 43. Rb5 Kg7 44. a3 Kg6 45. Kf3 h3 46. Rb6+ Kf5 47. Rh6 Kxe5 48. Rxh3 Kd4 49. Rh8 Re3+ 50. Kf2 Re4 51. Rc8 Kd3 52. Kf3 Rc4 53. Rb8 Rh4 54. Rb4 Rxb4 55. axb4 Kc4 56. Ke3 Kxb4 57. Kd2 Kb3 58. Kc1 a3 59. Kb1 axb2 1/2-1/2